AoeStats
← 公鸡神探

Arena

507500237Analyzed
4v4 RM · 14d ago on Sep 18, 2026· 48m 23s· 8 players
Game mode
Random Map
Map size
Large (8 player)
Population
200
Speed
Normal
Resources
Standard
Victory
Conquest
Starting age
Dark Age
Ending age
Imperial Age
RankedLock teamsTeams togetherTeam positionsShared explorationLock speedFull tech treeHidden civsTurbo modeCheats
Victory
Defeat
🇺🇸 Khmer · United States
1252
+13
🇨🇳 Burmese · China
1178
+16
🇨🇳 Ethiopians · China
1161
+17
1103
+21
🇵🇪 Turks · Peru
1238
-19
🇨🇳 Persians · China
1199
-17
🇫🇷 Ethiopians · France
1166
-16
🇹🇼 Britons · Taiwan
1152
-15
agiardpro
10:39 Feudal Age
11:09 Double-Bit Axe
11:05 Horse Collar
18:30 Castle Age
19:17 Heavy Plow
19:31 Bow Saw
18:49 Crossbowman
21:22 Fletching
25:44 Gold Mining
26:29 Bodkin Arrow
30:48 Loom
32:43 Forging
32:35 Padded Archer Armor
34:28 Iron Casting
33:54 Scale Mail Armor
33:42 Arson
33:58 Squires
38:25 Imperial Age
36:38 Gold Shaft Mining
35:53 Stone Mining
37:11 Wheelbarrow
38:20 Hand Cart
38:38 Onager
38:41 Halberdier
39:44 Conscription
40:03 Torsion Engines
42:04 Siege Onager
44:56 Blast Furnace
44:11 Chain Mail Armor
44:36 Siege Engineers
44:53 Ballistics
gina2620
10:45 Feudal Age
14:47 Castle Age
13:32 Double-Bit Axe
13:28 Horse Collar
20:29 Bow Saw
23:26 Crossbowman
26:04 Fletching
26:15 Padded Archer Armor
28:34 Elite Skirmisher
32:13 Bodkin Arrow
32:33 Leather Archer Armor
45:33 Heavy Plow
47:26 Ballistics
50:42 Imperial Age
jona_vte_94
10:59 Feudal Age
16:15 Castle Age
15:45 Loom
21:53 Imperial Age
25:13 Forging
25:09 Scale Barding Armor
26:44 Iron Casting
26:24 Fletching
27:26 Padded Archer Armor
27:47 Chain Barding Armor
28:50 Town Watch
30:04 Double-Bit Axe
31:44 Bodkin Arrow
36:38 Plate Barding Armor
36:49 Bloodlines
39:13 Husbandry
42:33 Blast Furnace
47:10 Conscription
48:29 Wheelbarrow
48:05 Bow Saw
孤鸿
10:54 Feudal Age
14:54 Castle Age
14:07 Horse Collar
20:21 Double-Bit Axe
21:54 Loom
23:58 Gold Mining
25:16 Wheelbarrow
25:26 Stone Mining
26:18 Heavy Plow
26:41 Bow Saw
31:39 Imperial Age
30:12 Hand Cart
30:36 Gold Shaft Mining
31:41 Scale Barding Armor
31:48 Forging
31:54 Devotion
33:30 Conscription
33:34 Chain Barding Armor
33:52 Iron Casting
33:58 Elite War Elephant
37:14 Plate Barding Armor
38:32 Blast Furnace
38:15 Hoardings
38:20 Fletching
39:08 Guilds
39:05 Crossbowman
39:51 Thumb Ring
40:01 Kamandaran
40:41 Ballistics
41:04 Bodkin Arrow
42:12 Chemistry
41:49 Padded Archer Armor
Valhalla9
8:35 Loom
10:42 Feudal Age
10:42 Loom
15:07 Castle Age
13:35 Scale Barding Armor
13:54 Double-Bit Axe
16:30 Scale Barding Armor
16:38 Bloodlines
16:28 Husbandry
21:22 Horse Collar
28:13 Wheelbarrow
33:27 Imperial Age
32:22 Chain Barding Armor
33:19 Light Cavalry
34:38 Conscription
33:40 Elite Ballista Elephant
34:22 Double Crossbow
35:42 Siege Engineers
36:38 Chemistry
35:25 Hussar
36:19 Forging
38:37 Iron Casting
38:38 Plate Barding Armor
40:56 Blast Furnace
44:27 Heavy Plow
公鸡神探
9:45 Feudal Age
10:06 Horse Collar
13:35 Loom
17:32 Castle Age
15:47 Gold Mining
21:13 Fletching
21:23 Padded Archer Armor
33:20 Wheelbarrow
32:30 Town Watch
32:51 Heavy Plow
37:01 Imperial Age
37:17 Gold Shaft Mining
36:33 Stone Mining
37:26 Devotion
38:02 Block Printing
38:11 Conscription
37:23 Pikeman
38:03 Squires
37:49 Arson
39:10 Chemistry
38:28 Gambesons
38:16 Halberdier
39:51 Scale Mail Armor
40:01 Forging
40:35 Parthian Tactics
41:24 Manipur Cavalry
41:45 Siege Engineers
41:53 Elite Arambai
44:43 Light Cavalry
45:35 Bloodlines
45:26 Husbandry
48:50 Chain Mail Armor
49:11 Iron Casting
48:44 Scale Barding Armor
49:14 Iron Casting
翻斗花园突破手绫小路
12:23 Feudal Age
13:43 Double-Bit Axe
16:44 Castle Age
19:47 Wheelbarrow
20:57 Scale Barding Armor
21:04 Forging
23:20 Stone Mining
25:08 Gold Mining
26:31 Bow Saw
26:10 Horse Collar
28:00 Iron Casting
27:46 Chain Barding Armor
28:56 Bow Saw
28:48 Heavy Plow
29:12 Scale Mail Armor
37:00 Imperial Age
36:49 Gold Shaft Mining
36:52 Stone Shaft Mining
38:27 Loom
38:57 Hand Cart
38:28 Town Watch
45:29 Crop Rotation
45:50 Conscription
45:55 Stirrups
无甲的joe
9:56 Feudal Age
14:01 Castle Age
12:35 Double-Bit Axe
13:19 Horse Collar
14:56 Loom
19:16 Scale Mail Armor
19:30 Forging
25:06 Scale Mail Armor
27:50 Wheelbarrow
28:08 Town Watch
32:38 Imperial Age
31:22 Hand Cart
31:27 Bow Saw
31:19 Heavy Plow
32:40 Chain Mail Armor
32:28 Gold Mining
32:28 Stone Mining
34:12 Conscription
33:31 Halberdier
34:11 Squires
33:57 Arson
34:38 Thumb Ring
35:06 Plate Mail Armor
35:11 Iron Casting
34:28 Fletching
34:41 Padded Archer Armor
39:18 Two-Man Saw
38:54 Capped Ram
41:03 Siege Ram
43:04 Crossbowman
44:30 Arbalester
46:11 Bodkin Arrow
46:31 Leather Archer Armor
49:21 Ballistics
50:02 Chemistry
Connection lost

Rejoining the realm…

Still unreachable

The connection could not be restored.

Session expired

The server has moved on; the page needs a fresh start.